AoeStats
← Lord_Wilfredo

Lombardia

509585769Analyzed
4v4 RM · 4d ago on Sep 27, 2026· 40m 50s· 8 players
Game mode
Random Map
Map size
Large (8 player)
Population
200
Speed
Normal
Resources
Standard
Victory
Conquest
Starting age
Dark Age
Ending age
Imperial Age
RankedLock teamsTeams togetherTeam positionsShared explorationLock speedFull tech treeHidden civsTurbo modeCheats
Victory
Defeat
🇦🇺 Spanish · Australia
1410
+12
🇨🇳 Italians · China
1373
+13
🇦🇺 Lithuanians · Australia
1310
+16
🇨🇳 Mongols · China
1301
+16
🇮🇳 Mongols · India
1419
-18
🇦🇷 Huns · Argentina
1311
-14
🇳🇱 Japanese · Netherlands
1300
-14
🇨🇳 Hindustanis · China
1216
-11
The Long Dark
10:32 Feudal Age
15:18 Castle Age
14:38 Stone Mining
14:57 Double-Bit Axe
16:21 Horse Collar
17:35 Bow Saw
18:10 Heavy Plow
25:27 Wheelbarrow
24:37 Town Watch
29:26 Imperial Age
27:12 Treadmill Crane
29:29 Ballistics
29:12 Loom
29:42 Hand Cart
30:15 Fletching
30:26 Padded Archer Armor
31:42 Two-Man Saw
30:39 Gold Mining
32:00 Chemistry
30:58 Murder Holes
31:14 Masonry
31:28 Conscription
31:37 Fortified Wall
32:14 Bodkin Arrow
32:34 Leather Archer Armor
33:30 Bracer
34:00 Silk Road
35:03 Thumb Ring
37:42 Elite Genoese Crossbowman
39:28 Caravan
41:09 Stone Shaft Mining
Boga
10:02 Feudal Age
10:45 Double-Bit Axe
13:22 Fletching
17:10 Castle Age
18:09 Bow Saw
19:49 Gold Mining
23:52 Bloodlines
24:05 Loom
25:43 Padded Archer Armor
26:46 Husbandry
28:04 Town Watch
28:57 Wheelbarrow
34:11 Imperial Age
31:39 Horse Collar
32:55 Stone Mining
34:16 Heavy Plow
34:46 Elite Conquistador
36:08 Leather Archer Armor
37:22 Ring Archer Armor
38:43 Stone Shaft Mining
39:14 Bodkin Arrow
40:54 Ballistics
41:42 Chemistry
41:48 Conscription
仙逆许木
10:31 Feudal Age
14:11 Castle Age
12:13 Double-Bit Axe
13:17 Horse Collar
16:31 Bow Saw
21:35 Wheelbarrow
24:18 Heavy Plow
29:25 Imperial Age
26:42 Loom
27:28 Hand Cart
27:08 Gold Mining
28:22 Town Watch
28:44 Scale Barding Armor
28:49 Forging
28:45 Husbandry
28:55 Bloodlines
29:53 Chain Barding Armor
29:35 Elite Steppe Lancer
30:42 Conscription
29:47 Capped Ram
31:05 Iron Casting
30:54 Siege Ram
33:42 Blast Furnace
32:32 Fletching
35:33 Drill
37:08 Bodkin Arrow
Slippery
4:55 Loom
10:36 Feudal Age
15:58 Castle Age
14:24 Horse Collar
15:11 Double-Bit Axe
16:52 Bow Saw
18:42 Heavy Plow
21:54 Wheelbarrow
25:16 Hand Cart
26:43 Fervor
27:53 Scale Barding Armor
27:59 Forging
29:22 Gold Mining
32:56 Imperial Age
32:52 Chain Barding Armor
33:08 Iron Casting
33:37 Bloodlines
33:02 Cavalier
33:42 Husbandry
36:05 Plate Barding Armor
37:35 Paladin
39:18 Elite Leitis
42:12 Two-Man Saw
41:44 Crop Rotation
RogerV
10:30 Feudal Age
12:29 Double-Bit Axe
15:05 Castle Age
18:35 Loom
23:23 Horse Collar
24:21 Heavy Plow
28:41 Wheelbarrow
28:22 Bow Saw
28:53 Gold Mining
31:14 Hand Cart
34:04 Imperial Age
32:17 Gold Shaft Mining
31:34 Stone Mining
31:34 Loom
32:12 Thumb Ring
32:09 Fletching
32:20 Padded Archer Armor
31:50 Pikeman
32:31 Squires
32:47 Bodkin Arrow
33:17 Ballistics
33:17 Caravan
33:33 Husbandry
33:48 Bloodlines
33:57 Leather Archer Armor
34:05 Squires
34:09 Scale Mail Armor
34:20 Forging
35:55 Chemistry
35:14 Bracer
35:09 Heavy Cavalry Archer
36:15 Parthian Tactics
飞鱼
0:43 Loom
10:51 Feudal Age
18:04 Castle Age
16:47 Double-Bit Axe
16:44 Horse Collar
23:01 Fletching
24:13 Bow Saw
28:22 Squires
31:53 Imperial Age
33:38 Chemistry
32:52 Fortified Wall
34:18 Conscription
33:59 Shatagni
33:59 Bodkin Arrow
34:41 Wheelbarrow
33:53 Town Watch
35:11 Two-Man Saw
34:13 Heavy Plow
37:29 Padded Archer Armor
39:20 Leather Archer Armor
Lord_Wilfredo
7:11 Loom
9:36 Feudal Age
10:16 Double-Bit Axe
11:44 Forging
19:09 Castle Age
18:26 Horse Collar
18:40 Gold Mining
20:19 Bow Saw
22:49 Heavy Plow
30:00 Wheelbarrow
29:47 Bloodlines
32:12 Imperial Age
29:46 Town Watch
30:09 Scale Barding Armor
30:14 Husbandry
31:20 Gold Shaft Mining
31:53 Chain Barding Armor
32:08 Iron Casting
32:42 Hand Cart
32:13 Cavalier
33:33 Plate Barding Armor
34:13 Conscription
33:34 Paladin
36:58 Blast Furnace
Broken Angel
8:26 Feudal Age
9:45 Double-Bit Axe
11:32 Horse Collar
16:05 Wheelbarrow
17:34 Gold Mining
19:46 Castle Age
21:36 Loom
21:37 Town Watch
22:05 Bow Saw
21:59 Stone Mining
23:22 Stone Shaft Mining
24:21 Fletching
24:23 Guard Tower
28:20 Heavy Plow
28:39 Bodkin Arrow
30:59 Ballistics
31:30 Gold Shaft Mining
34:30 Imperial Age
32:25 Bloodlines
32:16 Husbandry
32:43 Padded Archer Armor
33:19 Nomads
35:23 Hand Cart
35:22 Fortified Wall
36:14 Chemistry
Connection lost

Rejoining the realm…

Still unreachable

The connection could not be restored.

Session expired

The server has moved on; the page needs a fresh start.